[Event "44th Indian Team Championship 2025"]
[Site "Gujarat"]
[Date "2025.03.06"]
[Round "2.21"]
[White "Setumadhav Yellumahanthi"]
[Black "Raj D Vyas"]
[Result "1-0"]
[Annotator "TA"]
[ECO "B38"]
[WhiteElo "2313"]
[BlackElo "1900"]
[PlyCount "67"]
[EventDate "2025.03.03"]
[EventCountry "IND"]
[SourceTitle "playchess.com"]
[Source "ChessBase"]
[SourceQuality "1"]
[TimeControl "5400+30"]

1. e4 c5 2. Nf3 Nc6 3. d4 cxd4 4. Nxd4 d6 5. c4 Nf6 6. Nc3 Bd7 7. Be2 g6 8. Be3 Bg7 9. O-O O-O 10. h3 a6 11. Rc1 {[%emt 0:05:15] B38: Sicilian: Maroczy Bind with 5...Bg7 and 7...0-0.} Nxd4 12. Bxd4 Bc6 13. Qc2 {[%emt 0:03:22] White is slightly better.} Rc8 14. Qd3 Qa5 15. a3 Nh5 16. Bxh5 $146 ({Predecessor:} 16. Bxg7 Kxg7 17. Nd5 Bxd5 18. exd5 Nf6 19. b4 Qa4 20. f4 Rfd8 21. Qe3 {0-1 Akmalov,D (1920)-Kuzmin,E (2171) Samara Polugaevsky Memorial 4th 2014 (7)}) 16... Qxh5 17. b4 Bxd4 18. Qxd4 f5 {[%emt 0:02:13] [#]} ({Black should try} 18... Qe5 $14 19. Qxe5 dxe5) 19. Nd5 (19. b5 $1 $18 {[%cal Rb5c6] and the rest is easy.} Be8 20. Nd5) 19... Rf7 {[%emt 0:03:52] [#] Black is weak on the dark squares} 20. e5 $1 {[%emt 0:00:38] White is more active.} Re8 $2 (20... dxe5 $16 21. Qxe5 Qg5) 21. exd6 $18 e5 22. Qd2 {[%emt 0:01:27][%cal Ob4b5] aiming for b5!.} f4 23. f3 e4 24. fxe4 (24. Nxf4 Qg5 25. fxe4 Rxe4 $14) 24... Rxe4 25. Rfe1 {[%emt 0:00:31] Repels Re2} (25. Nxf4 Qg5 $16) 25... Rxe1+ 26. Rxe1 (26. Qxe1 f3 27. Ne7+ Kf8 $16) 26... f3 {[%emt 0:03:01] ...f2+ would now be deadly.} 27. Ne7+ Kf8 $2 (27... Kg7 $18) 28. Qd4 (28. d7 $2 Bxd7 29. gxf3 (29. Re4 $2 fxg2 30. Nxg6+ hxg6 $19) 29... Rxe7 $19) 28... f2+ 29. Kh2 Ke8 30. d7+ (30. Nxc6+ fxe1=Q (30... fxe1=R $2 31. Qh8+ Rf8 32. d7+ Kxd7 33. Qxf8 $19) 31. Qh8+ Kd7 32. Nb8+ Kxd6 33. Qd8+ Ke6 34. Qb6+ Ke7 (34... Ke5 {gets mated.} 35. a4 Qhd1 36. Nd7+ Rxd7 37. Qc5+ Ke4 38. b5 Qd3 39. Qg1 Qdg3+ 40. Kh1 Qxg1+ 41. Kxg1 Rd1#) 35. Nc6+ bxc6 36. Qc7+ Kf8 37. Qd8+ Kg7 38. Qd4+ Kh6 39. Qg1 Rf1) 30... Bxd7 31. Qh8+ (31. Nxg6+ $2 Kd8 32. Rf1 (32. Re8+ $2 Kc7 $19) 32... Qxg6 $19) 31... Rf8 32. Nxg6+ {[%emt 0:00:08] White mates.} Kf7 33. Re7+ (33. Nxf8 $2 {too greedy.} fxe1=Q (33... fxe1=R 34. Nxd7 Qh6 35. Qb8 $11) 34. Nxd7 Qe7 $19) 33... Kxg6 34. Qg7+ {[%emt 0:00:05] Weighted Error Value: White=0.11 (very precise) /Black=0.53  Loses game:     	---       	Black=1      Mistake:       	White=1     	Black=2      Inaccurate:     	---       	Black=2      OK:         	White=4     	Black=7      Best:        	White=2     	---        Strong:       	White=1     	---} 1-0

[Event "44th Indian Team Championship 2025"]
[Site "Gujarat"]
[Date "2025.03.06"]
[Round "2.22"]
[White "Mukund Hemant Agarwal"]
[Black "Mummana Venkata Ruthvik"]
[Result "1/2-1/2"]
[Annotator "TA"]
[ECO "C07"]
[WhiteElo "2130"]
[BlackElo "2201"]
[PlyCount "73"]
[EventDate "2025.03.03"]
[EventCountry "IND"]
[SourceTitle "playchess.com"]
[Source "ChessBase"]
[SourceQuality "1"]
[TimeControl "5400+30"]

1. e4 e6 2. d4 d5 3. Nd2 c5 4. Ngf3 cxd4 5. Nxd4 Nc6 6. Bb5 Bd7 7. Nxc6 bxc6 8. Bd3 Qc7 9. Qe2 {[%emt 0:00:58] C07: French Tarrasch: 3...c5, 4 Ngf3 and 4 exd5 Qxd5.} Ne7 10. b3 Ng6 11. g3 {[%emt 0:00:23] The position is equal.} Bd6 12. Bb2 O-O 13. f4 f5 (13... Rfb8 $11) 14. exf5 $16 exf5 15. O-O-O Qa5 $146 {[%emt 0:08:09] [#]} ({Better is} 15... Rae8 $14 16. Qh5 Ne7) (15... a5 16. a4 Rae8 17. Qg2 Bc5 18. h4 Nh8 19. h5 Nf7 20. Nf3 Qd6 21. Kb1 Be3 {1-0 Demchenko,A (2655)-Durarbayli,V (2617) FIDE Chess.com Grand Swiss 2019 (5)}) 16. Nc4 $1 $18 Qc7 17. Nxd6 Qxd6 18. h4 Rfe8 19. Qd2 Nf8 (19... Nh8 $142 20. Rhe1 Qc5) 20. h5 {[%emt 0:07:54][%cal Oh5h6] [#]} h6 21. Qc3 Re7 22. Qa5 Rf7 23. Rhe1 Nh7 24. Be5 {[%emt 0:05:14] This pair of bishops is nice.} Qf8 25. c4 {[%emt 0:00:47] White has more active pieces.} Nf6 26. Bxf6 Rxf6 27. cxd5 {[%emt 0:00:36] Qc7 would now be deadly.} Kh8 (27... Be8 $16) 28. Kb1 (28. Bc2 $18) 28... cxd5 $16 29. Qxd5 Bc6 30. Qa5 Bf3 31. Be2 Be4+ 32. Bd3 (32. Kb2 {seems wilder.} Rc8 33. Bc4 Rd6 34. Qe5) 32... Bf3 33. Be2 Be4+ 34. Bd3 Bf3 35. Rc1 {[%emt 0:04:55] White is better.} Rd8 36. Bc2 Bxh5 37. Re5 {White really could win this.   Weighted Error Value: White=0.17 (very precise) /Black=0.14 (very precise)   Mistake:       	White=1     	Black=4      Inaccurate:     	---       	Black=2      OK:         	White=12    	Black=14     Best:        	---       	Black=1      Brilliant:      	White=1     	---} 1/2-1/2

[Event "44th Indian Team Championship 2025"]
[Site "Gujarat"]
[Date "2025.03.06"]
[Round "2.23"]
[White "Kolla Bhaavan"]
[Black "Aditya P Melani"]
[Result "1-0"]
[Annotator "RC"]
[ECO "B45"]
[WhiteElo "2052"]
[BlackElo "1942"]
[PlyCount "73"]
[EventDate "2025.03.03"]
[EventCountry "IND"]
[SourceTitle "playchess.com"]
[Source "ChessBase"]
[SourceQuality "1"]
[TimeControl "5400+30"]

1. e4 c5 2. Nf3 Nc6 3. d4 cxd4 4. Nxd4 Nf6 5. Nc3 e6 6. Be2 Bb4 7. O-O d6 8. Nxc6 bxc6 9. Qd3 O-O 10. Bg5 h6 11. Bh4 e5 12. Rad1 a5 13. Na4 d5 14. c4 Bd7 15. Bxf6 Qxf6 16. c5 Qe7 17. Qc2 f5 18. a3 fxe4 19. axb4 axb4 20. Nb6 Rad8 21. Nxd7 Rxd7 22. Rc1 Ra7 23. Qd2 Rb8 24. Qe3 Ra2 25. Qb3 Ra5 26. Qc2 Qg5 27. Ra1 Rba8 28. Rad1 Qe7 29. Rc1 Qg5 30. g3 Kh8 31. Kg2 Ra2 32. h4 Qf6 33. Qb3 Qf8 34. f3 Qf5 35. Qxb4 d4 36. fxe4 Qg6 37. Rf5 1-0

[Event "44th Indian Team Championship 2025"]
[Site "Gujarat"]
[Date "2025.03.06"]
[Round "2.24"]
[White "Shubh Atha"]
[Black "Chukka Vineel Radha Karthik"]
[Result "1/2-1/2"]
[Annotator "NA RC"]
[ECO "D15"]
[WhiteElo "1844"]
[BlackElo "1925"]
[PlyCount "150"]
[EventDate "2025.03.03"]
[EventCountry "IND"]
[SourceTitle "playchess.com"]
[Source "ChessBase"]
[SourceQuality "1"]
[TimeControl "5400+30"]

1. c4 c6 2. Nc3 d5 3. e3 Nf6 4. Nf3 a6 5. d4 Bf5 6. Bd3 Bxd3 7. Qxd3 e6 8. O-O Bb4 9. Nd2 Nbd7 10. e4 dxe4 11. Ndxe4 Be7 12. Qg3 O-O 13. Bh6 Ne8 14. Bf4 Ndf6 15. Rad1 Qa5 16. Nxf6+ Nxf6 17. Be5 Ne8 18. d5 Bf6 19. Rfe1 Rd8 20. Bxf6 Nxf6 21. dxe6 fxe6 22. Rxd8 Rxd8 23. Rxe6 Qxa2 24. h3 Qa1+ 25. Kh2 Rf8 26. Re7 Nh5 27. Qg4 Qxb2 28. Qe6+ Kh8 29. Qf7 Rg8 30. Ne4 Nf6 31. Nxf6 Qxf6 32. Qxf6 gxf6 33. Rxb7 Rg5 34. Ra7 a5 35. h4 Rc5 36. Kh3 Rxc4 37. Rxa5 Kg7 38. g4 Rc3+ 39. Kg2 c5 40. Ra7+ Kg6 41. h5+ Kg5 42. Rg7+ Kh6 43. Rf7 Kg5 44. f3 c4 45. Kg3 Kh6 46. Rxf6+ Kg7 47. Rc6 Rc1 48. h6+ Kf7 49. Kf4 c3 50. Kg5 Ke7 51. f4 c2 52. f5 Kd7 53. Rc4 Ke7 54. f6+ Ke6 55. Rc5 Ra1 56. Rc6+ Kf7 57. Rc7+ Ke6 58. Rxc2 Ra5+ 59. Kh4 Kxf6 60. g5+ Kg6 61. Rc6+ Kf7 62. Rc7+ Kg8 63. Re7 Ra8 64. Kg4 Kh8 65. Kf5 Kg8 66. Kf6 Ra6+ 67. Kf5 Ra8 68. Rd7 Re8 69. Rg7+ Kh8 70. Rf7 Ra8 71. Rd7 Kg8 72. Rg7+ Kh8 73. Rd7 Kg8 74. Ke6 Re8+ 75. Kd6 Kh8 1/2-1/2